 Dungeon Crawl Stone Soup version 0.28-a0-1555-g9ae15a6949 (webtiles) character file.

Game seed: 6632949731941055012

35 knot the Chopper (level 3, 0/43 HPs)
             Began as a Demonspawn Berserker on Jan 18, 2022.
             Was a Follower of Trog.
             Slain by a gnoll (10 damage)
             ... on level 4 of the Dungeon.
             The game lasted 00:01:57 (1934 turns).

knot the Chopper (Demonspawn Berserker)             Turns: 1934, Time: 00:01:58

Health: 0/43       AC:  5    Str: 17    XL:     3   Next: 17%
Magic:  3/3        EV: 11    Int: 10    God:    Trog [*.....]
Gold:   71         SH:  0    Dex: 12    Spells: 2/2 levels left

rFire   . . .      SeeInvis .   g - +0 war axe
rCold   . . .      Faith    .   (no shield)
rNeg    . . .      Spirit   .   h - +0 ring mail
rPois   .          Reflect  .   (no helmet)
rElec   .          Harm     .   (no cloak)
rCorr   .          Rampage  .   (no gloves)
Will    .....                   (no boots)
Stlth   ..........              (no amulet)
HPRegen 0.14/turn               (no ring)
MPRegen 0.16/turn               (no ring)

@: berserking, very quick
A: magic regeneration
a: Renounce Religion, Berserk


You were on level 4 of the Dungeon.
You worshipped Trog.
Trog was aware of your devotion.
You visited 1 branch of the dungeon, and saw 3 of its levels.

You collected 71 gold pieces.

Inventory:

Hand Weapons
 g - a +0 war axe (weapon)
Missiles
 c - 39 stones (quivered)
Armour
 h - a +0 ring mail (worn)
Scrolls
 d - a scroll of summoning {unknown}
 e - a scroll of brand weapon {unknown}
 f - a scroll of vulnerability {unknown}
 j - a scroll of magic mapping {unknown}
Potions
 a - 2 potions of curing {unknown}
 b - a potion of might {unknown}
 i - a potion of mutation {unknown}


   Skills:
 - Level 3.0 Fighting
 + Level 3.9 Axes
 - Level 1.7 Armour
 - Level 1.7 Dodging


You had 2 spell levels left.
You didn't know any spells.
Your spell library contained the following spells:

 Spells                   Type           Power      Damage    Failure   Level
 Conjure Flame            Conj/Fire      0%         6-21      90%         3
 Ignite Poison            Fire/Tmut/Pois 0%         N/A       90%         3
 Sticky Flame             Conj/Fire      0%         2d3       100%        4


Dungeon Overview and Level Annotations

Branches:
Dungeon (2/15)

Altars:

Shops:
D:2 =

Annotations:
D:4 Robin


Innate Abilities, Weirdness & Mutations

You regenerate magic rapidly.


Message History

You closely miss the goblin.
The goblin is moderately wounded.
The goblin barely misses you.
You barely miss the goblin.
The goblin is moderately wounded.
The goblin hits you with a +0 club.
Robin roars a battlecry!
The goblin goes into a battle-frenzy!
The goblin hits you but does no damage.
You hear a shout! x2
You slash the goblin!
You kill the goblin!
Trog accepts your kill.
Press: ? - help, v - describe, . - travel, g - get item
Here: a kobold, wielding a +0 whip of electrocution Item here: a +0 club.
The floor.
A red film seems to cover your vision as you go berserk!
You feel yourself moving faster!
You feel mighty!
The kobold hits you with a +0 whip of electrocution.
You are electrocuted!
* * * LOW HITPOINT WARNING * * *
You slash the kobold!
You kill the kobold!
Trog accepts your kill. Robin throws the goblin at you!
* * * LOW HITPOINT WARNING * * *
You slash the kobold!
You kill the kobold!
Trog accepts your kill.
You slash the goblin!
You kill the goblin!
Trog accepts your kill.
You slash Robin!
Robin is heavily wounded.
Robin barely misses you.
You closely miss Robin.
Robin is heavily wounded.
The gnoll hits you from afar with a +0 halberd!
You die...

#>......#
#.#####.######
#..............
##[...###.#####
#..#.# .#
#..#.###.#
#gg......#
#g#.######
#@#K## #)#g.#
#.##.## #†##K.#
#.###g####
#.##.....#
#[##..)K.#
#.##.....#
#.##.....#


You could see a gnoll shaman, Robin and a gnoll.

Vanquished Creatures
  3 ball pythons
  3 endoplasms (D:1)
  2 giant cockroaches
  8 goblins
  3 hobgoblins (D:4)
  A quokka (D:1)
  3 bats (D:1)
  A frilled lizard (D:1)
  5 kobolds
  2 rats (D:1)
31 creatures vanquished.

Notes
Turn   | Place    | Note
-------+----------+-------------------------------------------
     0 | D:1      | knot the Demonspawn Berserker began the quest for the Orb.
     0 | D:1      | Reached XP level 1. HP: 18/18 MP: 1/1
   285 | D:1      | Gained mutation: You regenerate magic rapidly. [demonic
                  | ancestry]
   285 | D:1      | Reached XP level 2. HP: 15/24 MP: 2/2
  1740 | D:2      | Found Bemyij's Jewellery Shop.
  1810 | D:2      | You fall into a shaft and drop 2 floors!
  1888 | D:4      | Noticed Robin
  1895 | D:4      | Reached XP level 3. HP: 23/29 MP: 3/3
  1934 | D:4      | Slain by a gnoll

Illustrated notes

Levels and vault maps discovered:
D:1:      dpeg_arrival_connections, layout_basic,
          hangedman_abyss_or_decor_stabs, minmay_tripent
D:2:      layout_basic, serial_shops, shop, minmay_misc_feat_tiny,
          minmay_crystal_room, minivault_23
D:4:      layout_basic, uniq_robin

Skill      XL: |  1 |
---------------+----+-----
Axes           | 3 |  3.9
Fighting       | |  3.0
Armour         | |  1.7
Dodging        | |  1.7

Action                   || total
-------------------------++-------
Melee: Hand axe          ||    69
       War axe           ||    24
       Punch             ||     1
Invok: Berserk           ||     2
 Stab: Sleeping          ||     1
Armor: Animal skin       ||    16
       Ring mail         ||     4
Dodge: Dodged            ||    56

Table legend: (Time is in decaauts)
 A = Elapsed time spent in this place.
 B = Non-inter-level travel time spent in this place.
 C = Inter-level travel time spent in this place.
 D = Time resting spent in this place.
 E = Time spent auto-exploring this place.
 F = Levels seen in this place.
 G = Mean time per level.
                   A        B        C        D        E       F      G
               +--------+--------+--------+--------+--------+-----+--------+
         Total |   1962 |   1945 |     17 |    370 |   1327 |   3 |  654.0 |
       Dungeon |   1962 |   1945 |     17 |    370 |   1327 |   3 |  654.0 |
               +--------+--------+--------+--------+--------+-----+--------+

Top non-repeatable levels by time:
     D:1: 1762 daAuts
     D:4: 128 daAuts
     D:2: 71 daAuts
